Map: Ephemeron LE

Players

Stats - Winner!

  • Race: Protoss Protoss
  • Spawn Location: 11:00

Blask

  • Race: Protoss Protoss
  • Spawn Location: 5:00

Event: NationWars 2019

VOD

Have the link to the VOD?

Description

Time

  • Played on: Oct. 4, 2019, 1:30 p.m.
  • Length: 8:18
Show
View Real Time Build Order
Export as new Build Order

Stats Protoss - Winner!

Build Orders:  

Get SALT Encoding   

  12  0:00  Probe  
  13  0:13  Probe  
  14  0:17  Pylon  
  14  0:25  Probe (Chrono Boost)  
  15  0:37  Probe (Chrono Boost), Gateway  
  16  0:45  Probe (Chrono Boost)  
  16  0:46  Assimilator  
  17  0:51  Probe  
  17  0:55  Assimilator  
  18  1:03  Probe (Chrono Boost)  
  19  1:08  Gateway  
  19  1:14  Probe (Chrono Boost)  
  20  1:19  Probe (Chrono Boost)  
  20  1:24  Cybernetics Core  
  21  1:29  Probe  
  22  1:34  Pylon  
  22  1:41  Probe  
  23  1:54  Probe  
  24  1:58  Warp Gate (Chrono Boost)  
  24  2:01  Stalker x2  
  28  2:06  Probe  
  29  2:12  Pylon  
  29  2:21  Pylon  
  29  2:32  Stalker  
  29  2:34  Stalker  
  33  2:45  Robotics Facility  
  33  2:56  Gateway  
  33  3:02  Shield Battery  
  33  3:05  Stalker  
  35  3:13  Stalker  
  36  3:23  Pylon  
  35  3:40  Warp Prism (Chrono Boost)  
  35  4:00  Stalker x2  
  35  4:09  Sentry  
  35  4:14  Immortal (Chrono Boost)  
  39  4:29  Stalker, Sentry  
  41  4:42  Warp Prism (Chrono Boost)  
  43  4:58  Pylon  
  41  5:07  Robotics Bay  
  41  5:12  Immortal (Chrono Boost)  
  41  5:20  Adept  
  47  5:27  Adept  
  49  5:46  Observer  
  49  5:47  Pylon  
  49  5:49  Pylon  
  50  6:07  Disruptor  
  51  6:11  Adept x3  
  57  6:35  Adept x3  
Show
View Real Time Build Order
Export as new Build Order

Blask Protoss 

Build Orders:  

Get SALT Encoding   

  12  0:00  Probe  
  13  0:12  Probe  
  14  0:17  Pylon  
  14  0:25  Probe (Chrono Boost)  
  15  0:37  Probe (Chrono Boost), Gateway  
  16  0:44  Probe (Chrono Boost)  
  16  0:45  Assimilator  
  17  0:51  Probe  
  17  0:54  Assimilator  
  18  1:03  Probe (Chrono Boost)  
  19  1:08  Gateway  
  19  1:13  Probe (Chrono Boost)  
  19  1:18  Probe (Chrono Boost)  
  20  1:24  Cybernetics Core  
  21  1:30  Probe  
  22  1:34  Pylon  
  22  1:42  Probe  
  22  1:43  Pylon  
  23  1:59  Probe  
  23  2:00  Adept x2  
  28  2:03  Warp Gate  
  28  2:16  Robotics Facility  
  28  2:30  Stalker x2  
  32  2:44  Gateway  
  32  3:00  Stalker  
  38  3:18  Pylon  
  37  3:27  Immortal (Chrono Boost)  
  37  3:37  Pylon  
  37  3:38  Pylon  
  32  3:59  Warp Prism  
  34  4:05  Stalker  
  34  4:06  Stalker  
  34  4:07  Sentry  
  40  4:21  Twilight Council  
  40  4:34  Immortal (Chrono Boost)  
  44  5:02  Resonating Glaives (Chrono Boost)  
  44  5:05  Warp Prism  
  44  5:12  Pylon  
  44  5:19  Stalker  
  47  5:23  Pylon  
  47  5:27  Probe  
  47  5:30  Pylon  
  47  5:42  Adept x3  
  53  6:12  Adept  
Tags
 
Matchup
PvP
Player
Stats
Spawn Locations
Cross Positions
Add a new tag
Caveats
  • Supply blocks, unpowered buildings, or Contaminate may cause inaccurate times.
  • Supply counts are checked every 10 seconds.